 Dungeon Crawl Stone Soup version 0.32-a0-893-gf85d74f360 (webtiles) character file.

Game seed: 17418230311550724537

172 Orlauf the Twirler (level 5, 0/61 HPs)
             Began as a Demonspawn Gladiator on Apr 3, 2024.
             Was a Follower of Uskayaw.
             Slain by a gnoll
             ... wielding a +1 heavy flail
              (9 damage)
             ... on level 4 of the Dungeon.
             The game lasted 00:03:38 (2177 turns).

Orlauf the Twirler (Demonspawn Gladiator)           Turns: 2177, Time: 00:03:39

Health: 0/61       AC: 22    Str: 17    XL:     5   Next: 27%
Magic:  5/5        EV:  2    Int:  8    God:    Uskayaw [*.....]
Gold:   121        SH:  0    Dex: 14    Spells: 4/4 levels left

rFire   . . .        a - +1 quarterstaff
rCold   . . .        (shield currently unavailable)
rNeg    . . .        k - melded +0 plate armour
rPois   +            (helmet currently unavailable)
rElec   .            (cloak currently unavailable)
rCorr   .            (gloves currently unavailable)
SInv    .            (boots currently unavailable)
Will    .....        (no amulet)
Stlth   +            (no ring)
HPRegen 0.30/turn    (no ring)
MPRegen 0.09/turn

%: no passive effects
@: tree-form
A: stationary, stasis, torment immunity, boosted hp, (antennae 1), foul stench
1, (demonic touch 1)
a: Renounce Religion, Stomp


You were on level 4 of the Dungeon.
You worshipped Uskayaw.
Uskayaw was noncommittal.
You were a tree.
You visited 2 branches of the dungeon, and saw 5 of its levels.

You collected 121 gold pieces.

Inventory:

Hand Weapons
 a - a +1 quarterstaff (weapon)
 h - a +0 triple sword
Missiles
 d - 2 throwing nets (quivered)
 e - a javelin
 i - 7 poisoned darts
Armour
 k - a +0 plate armour (melded)
Jewellery
 f - a ring of wizardry
Scrolls
 b - 2 scrolls of teleportation
 c - a scroll of enchant weapon
 o - 2 scrolls of blinking
Potions
 g - a potion of brilliance
 j - a potion of attraction {unknown}
 l - a potion of lignification
 m - a potion of ambrosia {unknown}
 n - a potion of enlightenment {unknown}


   Skills:
 + Level 3.5 Fighting
 * Level 4.7 Staves
 - Level 1.7 Throwing
 - Level 2.6 Dodging
 + Level 0.4 Invocations


You had 4 spell levels left.
You didn't know any spells.
Your spell library contained the following spells:

 Spells                   Type           Power      Damage    Failure   Level
 Necrotise                Necr           0%         1d4       41%         1
 Slow                     Hex            0%         N/A       41%         1
 Lesser Beckoning         Tloc           0%         N/A       54%         2
 Confusing Touch          Hex            0%         N/A       78%         3
 Hailstorm                Conj/Ice       0%         3d5       78%         3
 Maxwell's Portable Pile  Tloc           0%         2d(5-13)  78%         3
 Sigil of Binding         Hex            0%         N/A       78%         3
 Summon Ice Beast         Ice/Summ       0%         N/A       78%         3
 Teleport Other           Tloc           0%         N/A       78%         3
 Vampiric Draining        Necr           0%         2d6       78%         3
 Martyr's Knell           Necr/Summ      0%         N/A       99%         4
 Curse of Agony           Necr           0%         N/A       100%        5
 Death Channel            Necr           0%         N/A       100%        6
 Permafrost Eruption      Ice/Erth       0%         2x4d1     100%        6
 Sculpt Simulacrum        Ice/Alch       0%         N/A       100%        6


Dungeon Overview and Level Annotations

Branches:
Dungeon (4/15)             Temple (1/1) D:4

Altars:
Cheibriados
Dithmenos
Gozag
Hepliaklqana
Kikubaaqudgha
Nemelex Xobeh
Okawaru
Ru
Uskayaw
Vehumet
Wu Jian
Yredelemnul


Innate Abilities, Weirdness & Mutations

You are a tree.
Your roots penetrate the ground, keeping you stationary.
You cannot be teleported.
You are immune to unholy pain and torment.
Your maximum health is greatly increased.
Your equipment is partially melded.
((You have a pair of small antennae on your head.))
You may rarely emit foul miasma when damaged in melee.
((Your touch may inflict minor irresistible damage on your foes.))


Message History

A gnoll comes into view. It is wielding a +0 halberd.
The gnoll shouts! x2; You hear a shout!
You barely miss the gnoll. The gnoll hits you but does no damage.
You hit the gnoll but do no damage. You sock the gnoll!
You kill the gnoll!
The gnoll hits you with a +0 flail!
You sock the gnoll!
The gnoll is heavily wounded.
The gnoll hits you with a +0 flail.
You emit a cloud of foul miasma!
The gnoll hits you from afar with a +0 halberd.
You can now stomp with the beat.
You hit the gnoll.
The gnoll is severely wounded.
The gnoll is engulfed in dark miasma.
The gnoll is poisoned.
You kill the gnoll!
The gnoll hits you from afar with a +0 halberd!
You are too injured to fight recklessly!
You are too injured to fight recklessly!
You are too injured to fight recklessly!
You are too injured to fight recklessly!
You are too injured to fight recklessly!
You are too injured to fight recklessly!
You are too injured to fight recklessly!
You are too injured to fight recklessly!
You are too injured to fight recklessly!
A gnoll comes into view. It is wielding a +1 heavy flail.
Found a scroll labelled YZAMIU OP YWA.
The gnoll shouts!
You hear a shout!
The gnoll hits you with a +0 halberd!
* * * LOW HITPOINT WARNING * * *
Things that are here:
a +0 club; a gnoll corpse It was a potion of lignification.
You turn into a tree.
Your +0 plate armour melds into your body.
Your roots penetrate the ground.
The gnoll hits you but does no damage.
You hit the gnoll but do no damage.
The gnoll hits you with a +1 heavy flail!
You die...
Your body falls in perfect tune with the rhythm.

....# .# .... .#
..........###..... ..
#........... .?.. .#
.....# #....##... ..#
.....# #...#.#..##..#
.....####..#....gg..#
<......# #...###♣..#
.......####..##.○###
........#.........#
##..###.#...#...###
#...# #....###...#
.##.####...# #...#
.....# #.⌠.# #...#
..##.###...###...###
.# ##......)....)..#


You could see 2 gnolls.

Vanquished Creatures
  A scorpion (D:4)
  2 gnolls (D:4)
  3 adders
  3 dart slugs
  A ribbon worm (D:2)
  2 orcs
  9 endoplasms
  A giant cockroach (D:1)
  6 goblins
  4 hobgoblins
  3 jackals (D:1)
  10 kobolds
  A quokka (D:2)
  A ball python (D:3)
  3 bats
  A frilled lizard (D:1)
  3 rats (D:1)
54 creatures vanquished.

Notes
Turn   | Place    | Note
-------+----------+-------------------------------------------
     0 | D:1      | Orlauf the Demonspawn Gladiator began the quest for the
                  | Orb.
     0 | D:1      | Reached XP level 1. HP: 16/16 MP: 1/1
   221 | D:1      | Reached skill level 3 in Staves
   241 | D:1      | Gained mutation: You may rarely emit foul miasma when
                  | damaged in melee. [demonic ancestry]
   241 | D:1      | Reached XP level 2. HP: 22/22 MP: 2/2
   813 | D:2      | Discovered your monstrous ancestry.
   813 | D:2      | Gained mutation: You have a pair of small antennae on your
                  | head. [demonic ancestry]
   813 | D:2      | Reached XP level 3. HP: 21/28 MP: 3/3
   867 | D:2      | Found a sacrificial altar of Ru.
  1659 | D:3      | Gained mutation: Your touch may inflict minor irresistible
                  | damage on your foes. [demonic ancestry]
  1659 | D:3      | Reached XP level 4. HP: 34/34 MP: 4/4
  1684 | D:3      | Reached skill level 4 in Staves
  2064 | D:4      | Found a staircase to the Ecumenical Temple.
  2064 | D:4      | Noticed a scorpion
  2072 | D:4      | Killed a scorpion
  2073 | D:4      | Reached XP level 5. HP: 35/41 MP: 5/5
  2108 | Temple   | Entered the Ecumenical Temple
  2127 | Temple   | Became a worshipper of Uskayaw the Reveller
  2173 | D:4      | Reached * piety under Uskayaw
  2177 | D:4      | Slain by a gnoll

Illustrated notes

Levels and vault maps discovered:
D:1:      lightli_arrival_statue_moat, layout_basic, serial_curves,
          eino_curves_03, eino_curves_01, eino_curves_01
D:2:      layout_basic, basic_altar, minmay_unequal
D:3:      layout_rooms
D:4:      layout_cave_pools, grunt_temple_overflow_cloverleaf,
          minmay_temple_entry_junction
Temple:   nicolae_temple_bog_church

Skill      XL: |  1  2  3  4 |
---------------+-------------+-----
Staves         | 3 4 |  4.7
Fighting       | 3 |  3.5
Throwing       | |  1.7
Dodging        | |  2.6
Invocations    | |  0.4

Action                     |  1- 3 |  4- 6 || total
---------------------------+-------+-------++-------
  Melee: Quarterstaff      |   106 |    39 ||   145
  Throw: Throwing net      |       |     2 ||     2
    Use: Scroll            |     6 |       ||     6
         Potion            |       |     1 ||     1
 Armour: Ring mail         |    37 |       ||    37
         Plate armour      |    40 |    33 ||    73
         Skin              |       |     2 ||     2
  Dodge: Dodged            |    35 |    14 ||    49

Table legend: (Time is in decaauts)
 A = Elapsed time spent in this place.
 B = Non-inter-level travel time spent in this place.
 C = Inter-level travel time spent in this place.
 D = Time resting spent in this place.
 E = Time spent auto-exploring this place.
 F = Levels seen in this place.
 G = Mean time per level.
                   A        B        C        D        E       F      G
               +--------+--------+--------+--------+--------+-----+--------+
         Total |   2193 |   2115 |     78 |     18 |   1607 |   5 |  438.6 |
       Dungeon |   2157 |   2096 |     61 |     18 |   1607 |   4 |  539.2 |
        Temple |     36 |     19 |     17 |      0 |      0 |   1 |   36.0 |
               +--------+--------+--------+--------+--------+-----+--------+

Top non-repeatable levels by time:
     D:2: 874 daAuts
     D:1: 725 daAuts
     D:3: 423 daAuts
     D:4: 133 daAuts
  Temple: 36 daAuts
